 Dungeon Crawl Stone Soup version 0.32-a0-132-g2d33c3cfaf (webtiles) character file.

Game seed: 3490652913700873793

2056525 juan097 the Conqueror (level 27, 290/290 HPs)
             Began as an Oni Warper on Feb 8, 2024.
             Was an Initiate of Gozag.
             Escaped with the Orb
             ... and 4 runes on Feb 9, 2024!
             The game lasted 04:29:52 (90804 turns).

juan097 the Conqueror (Oni Warper)                 Turns: 90804, Time: 04:29:53

Health: 290/290    AC: 20    Str: 31    XL:     27
Magic:  45/45      EV: 14    Int: 21    God:    Gozag
Gold:   18393      SH:  0    Dex:  8    Spells: 30/62 levels left

rFire   + . .        a - +11 giant club (freeze)
rCold   + . .        (shield currently unavailable)
rNeg    + + +        z - +7 toga "Victory" {*Victory Int+7 Slay+7 Clar}
rPois   +            E - +2 hat
rElec   +            h - +2 cloak {rC+}
rCorr   .            (gloves unavailable)
SInv    .            (boots unavailable)
Will    +++..        v - amulet "Ahuil" {RegenMP rElec rPois}
Stlth   +            J - ring of Vanischec {Fly rN+++ Will+ AC+4 Stlth-, =R}
HPRegen 0.68/turn    R - ring of protection from fire
MPRegen 0.69/turn

%: clarity
@: flying, studying 3 skills
A: large, unfitting armour, horns 1, tough skin 1, double potion healing,
drunken brawling, clumsy 1, deterioration 1, frail 1
0: Orb of Zot
}: 4/15 runes: barnacled, slimy, silver, gossamer
a: Renounce Religion, Potion Petition, Call Merchant, Bribe Branch


You escaped.
You worshipped Gozag.
Gozag was extremely pleased with you.
You visited 11 branches of the dungeon, and saw 55 of its levels.
You also visited: Trove, Bailey, Ice Cave and Wizlab.

You collected 32962 gold pieces.
You spent 1375 gold pieces at shops.
You paid 13194 gold pieces to Gozag.

Inventory:

Hand Weapons
 a - a +11 giant club of freezing (weapon)
 b - the +5 giant club of Vamiwagg {speed, Will+}
   (You acquired it on level 2 of the Orcish Mines)

   Will+:     It increases your willpower.
Missiles
 d - 15 darts of dispersal
 A - 54 large rocks (quivered)
 B - 13 silver javelins
 V - 11 throwing nets
 W - 10 javelins
Armour
 h - a +2 cloak of cold resistance (worn)
 z - the +7 toga "Victory" (worn) {*Victory Int+7 Slay+7 Clar}
   (You found it on level 9 of the Dungeon)

   *Victory:  When the wearer kills a threatening monster, it has a chance to
   gain +1 AC, +1 Slay, and +1 Int, capping at +7.
   When the wearer uses a scroll or a potion with a hostile monster in sight,
   its bonuses reset to +0.
   Unequipping it also resets its bonuses to +0.
   Int+7:     It affects your intelligence (+7).
   Slay+7:    It affects your accuracy & damage with ranged weapons and melee
   (+7).
   Clar:      It protects you from confusion, rage, mesmerisation and fear.
 E - a +2 hat (worn)
Jewellery
 e - the ring of Amelioration {rElec rPois SInv}
   (You found it on level 5 of the Vaults)

   [ring of poison resistance]

   rElec:     It insulates you from electricity.
   rPois:     It protects you from poison SInv: It lets you see invisible.
 v - the amulet "Ahuil" (around neck) {RegenMP rElec rPois}
   (You took it off a vault sentinel on level 5 of the Vaults)

   [amulet of magic regeneration]

   RegenMP:   It increases your rate of magic regeneration.
   rElec:     It insulates you from electricity.
   rPois:     It protects you from poison
 J - the ring of Vanischec (left hand) {Fly rN+++ Will+ AC+4 Stlth-, =R}
   (You bought it in a shop on level 2 of the Orcish Mines)

   [ring of protection]

   AC+4:      It affects your AC (+4).
   rN+++:     It renders you almost immune to negative energy.
   Will+:     It increases your willpower.
   Fly:       It grants you flight.
   Stlth-:    It makes you less stealthy.
 M - the ring "Vevec" {Fly Str+6 Int+7 Dex+2}
   (You took it off a deep elf pyromancer on level 3 of the Elven Halls)

   [ring of strength]

   Str+6:     It affects your strength (+6).
   Int+7:     It affects your intelligence (+7).
   Dex+2:     It affects your dexterity (+2).
   Fly:       It grants you flight.
 R - a ring of protection from fire (right hand)
 S - the ring "Lyess" {rPois rC+ rCorr Str+3}
   (You found it on level 3 of the Crypt)

   [ring of poison resistance]

   Str+3:     It affects your strength (+3).
   rC+:       It protects you from cold.
   rPois:     It protects you from poison rCorr: It protects you from acid and
   corrosion.
Wands
 o - a wand of digging (25)
 y - a wand of quicksilver (56)
 L - a wand of iceblast (61)
Scrolls
 c - 10 scrolls of blinking
 f - 9 scrolls of enchant weapon
 i - 7 scrolls of enchant armour
 k - 3 scrolls of brand weapon
 p - 8 scrolls of revelation
 q - 2 scrolls of fear
 r - 27 scrolls of teleportation
 u - 6 scrolls of butterflies
 x - 7 scrolls of fog
 D - 5 scrolls of silence
 O - 7 scrolls of poison
Potions
 g - 2 potions of haste
 j - 3 potions of brilliance
 l - a potion of attraction
 m - 5 potions of magic
 n - 5 potions of berserk rage
 t - 6 potions of cancellation
 F - 5 potions of ambrosia
 G - 12 potions of heal wounds
 P - 4 potions of might
 Q - 23 potions of curing
 T - 13 potions of enlightenment
 X - 4 potions of resistance
 Z - 4 potions of invisibility
Miscellaneous
 C - a lightning rod (4/4)
 H - a tin of tremorstones (2/2)
 I - a phial of floods
 K - a phantom mirror
 Y - a sack of spiders


   Skills:
 O Level 27 Fighting
 - Level 20.0 Maces & Flails
 + Level 20.3 Throwing
 - Level 14.0 Armour
 - Level 19.0 Dodging
 - Level 6.0 Stealth
 + Level 18.4 Spellcasting
 - Level 6.0 Hexes
 + Level 10.6 Necromancy
 - Level 14.0 Translocations
 - Level 8.0 Ice Magic
 - Level 6.0 Air Magic
 - Level 12.0 Evocations


You had 30 spell levels left.
You knew the following spells:

 Your Spells              Type           Power      Damage    Failure   Level
a - Blink                 Tloc           100%       N/A       0%          2
b - Lesser Beckoning      Tloc           100%       N/A       0%          2
c - Manifold Assault      Tloc           67%        N/A       1%          4
d - Passage of Golubria   Tloc           67%        N/A       1%          4
e - Ozocubu's Armour      Ice            52%        N/A       1%          3
f - Teleport Other        Tloc           67%        N/A       1%          3
g - Apportation           Tloc           100%       N/A       0%          1
h - Swiftness             Air            44%        N/A       1%          3
i - Vhi's Electric Charg  Tloc/Air       100%       N/A       1%          4
j - Dimensional Bullseye  Hex/Tloc       28%        N/A       1%          4
k - Sublimation of Blood  Necr           59%        N/A       1%          2

Your spell library contained the following spells:

 Spells                   Type           Power      Damage    Failure   Level
 Kiss of Death            Conj/Necr      100%       2d13      1%          1
 Necrotise                Necr           100%       1d9       1%          1
 Shock                    Conj/Air       100%       1d9       1%          1
 Slow                     Hex            100%       N/A       1%          1
 Cigotuvi's Dreadful Rot  Necr/Alch/Air  84%        N/A       1%          2
 Ensorcelled Hibernation  Hex/Ice        96%        N/A       1%          2
 Jinxbite                 Hex            88%        N/A       1%          2
 Mercury Vapours          Alch/Air       62%        N/A       1%          2
 Momentum Strike          Conj/Tloc      96%        3d10      1%          2
 Static Discharge         Conj/Air       62%        3-6/arc   1%          2
 Confusing Touch          Hex            44%        N/A       1%          3
 Gell's Gravitas          Tloc           67%        N/A       1%          3
 Hailstorm                Conj/Ice       36%        3d9       1%          3
 Sigil of Binding         Hex            44%        N/A       1%          3
 Summon Ice Beast         Ice/Summ       36%        N/A       1%          3
 Tukima's Dance           Hex            44%        N/A       1%          3
 Vampiric Draining        Necr           59%        2d10      1%          3
 Volatile Blastmotes      Fire/Tloc      96%        2d18      1%          3
 Anguish                  Hex/Necr       26%        N/A       1%          4
 Dispel Undead            Necr           59%        3d21      1%          4
 Iskenderun's Mystic Bla  Conj/Tloc      48%        2d11      1%          4
 Curse of Agony           Necr           59%        N/A       1%          5
 Dispersal                Tloc           33%        N/A       1%          6
 Foxfire                  Conj/Fire      76%        2x1d7     2%          1
 Magic Dart               Conj           76%        1d6       2%          1
 Sandblast                Erth           38%        2d10      2%          1
 Sting                    Conj/Alch      76%        1d7       2%          1
 Dazzling Flash           Conj/Hex       62%        N/A       2%          3
 Inner Flame              Hex/Fire       31%        N/A       2%          3
 Airstrike                Air            22%        2d(4-20)  2%          4
 Cause Fear               Hex            22%        N/A       2%          4
 Mephitic Cloud           Conj/Alch/Air  27%        N/A       3%          3
 Call Imp                 Summ           38%        N/A       4%          2
 Scorch                   Fire           38%        2d6       4%          2
 Metabolic Englaciation   Hex/Ice        24%        N/A       4%          5
 Death Channel            Necr           29%        N/A       5%          6
 Summon Lightning Spire   Summ/Air       31%        N/A       8%          4
 Call Canine Familiar     Summ           19%        N/A       9%          3
 Borgnjor's Vile Clutch   Necr/Erth      20%        N/A       9%          5
 Freezing Cloud           Conj/Ice/Air   19%        6-21      11%         5
 Summon Mana Viper        Hex/Summ       31%        N/A       22%         5
 Yara's Violent Unravell  Hex/Alch       15%        3d8       22%         5
 Animate Armour           Summ/Erth      38%        N/A       26%         4
 Brom's Barrelling Bould  Conj/Erth      19%        2d4       26%         4
 Flame Wave               Conj/Fire      19%        2d7       26%         4
 Ignite Poison            Fire/Alch      19%        N/A       26%         4
 Olgreb's Toxic Radiance  Alch           19%        N/A       26%         4
 Petrify                  Alch/Erth      19%        N/A       26%         4
 Sticky Flame             Fire/Alch      19%        2d6       26%         4
 Alistair's Intoxication  Alch           12%        N/A       58%         5
 Fireball                 Conj/Fire      9%         3d6       58%         5
 Irradiate                Conj/Alch      9%         3d14      58%         5
 Iskenderun's Battlesphe  Conj           19%        2d7       58%         5
 Lee's Rapid Deconstruct  Erth           9%         3d7*      58%         5
 Sculpt Simulacrum        Ice/Alch       18%        N/A       63%         6
 Ozocubu's Refrigeration  Ice            26%        4d13      65%         7
 Conjure Ball Lightning   Conj/Air       15%        3x3d6     77%         6
 Plasma Beam              Fire/Air       15%        2x1d27    77%         6
 Malign Gateway           Summ/Tloc      24%        N/A       78%         7
 Enfeeble                 Hex            22%        N/A       89%         7
 Borgnjor's Revivificati  Necr           29%        N/A       93%         8
 Haunt                    Necr/Summ      20%        N/A       95%         7
 Bombard                  Conj/Erth      9%         9d2       99%         6
 Eringya's Noxious Bog    Alch           9%         4d6       99%         6
 Starburst                Conj/Fire      9%         6d5       99%         6
 Summon Cactus Giant      Summ           9%         N/A       99%         6
 Orb of Destruction       Conj           9%         9d6       100%        7
 Spellforged Servitor     Conj/Summ      9%         N/A       100%        7
 Summon Hydra             Summ           9%         N/A       100%        7
 Discord                  Hex            22%        N/A       100%        8
 Ignition                 Fire           9%         3d5       100%        8
 Lehudib's Crystal Spear  Conj/Erth      9%         10d4      100%        8
 Maxwell's Capacitive Co  Air            22%        ∞         100%        8
 Death's Door             Necr           29%        N/A       100%        9
 Dragon's Call            Summ           9%         N/A       100%        9
 Fire Storm               Conj/Fire      9%         8d3       100%        9
 Polar Vortex             Ice            26%        12d3*     100%        9
 Shatter                  Erth           9%         3d11*     100%        9


Dungeon Overview and Level Annotations

Branches:
Dungeon (15/15)            Temple (0/1) D:4            Lair (5/5) D:8
 Shoals (4/4) Lair:3       Spider (4/4) Lair:3        Slime (5/5) Lair:4
    Orc (2/2) D:10            Elf (3/3) Orc:2        Vaults (5/5) D:14
  Crypt (3/3) Vaults:2       Tomb (0/3) Crypt:3      Depths (4/4) D:15
    Zot (5/5) Depths:4     Bailey (visited)           IceCv (visited)
 WizLab (visited)

Altars:
Elyvilon
Fedhas
Gozag
Hepliaklqana
Kikubaaqudgha
Makhleb
Nemelex Xobeh
Ru
Trog
Uskayaw
Wu Jian
Xom
Yredelemnul
Lugonu

Shops:
D:6 (   Orc:2 **=(   Elf:1 (   Elf:2 !*   Shoals:2 !   Shoals:4 (=   Vaults:1 [
Vaults:4 [[   Depths:2 (

Portals:
Hell: Depths:1 Depths:2 Depths:3 Depths:4
Abyss: Depths:1 Depths:3
Pandemonium: Orc:2 Depths:2
Ziggurat: Depths:4


Innate Abilities, Weirdness & Mutations

You are too large for most types of armour.
You have a pair of small horns on your head.
You have tough skin. (AC +1)
You gain doubled healing and magic from potions.
Whenever you drink a healing potion, you attack all around you.
You are clumsy. (Dex -2)
Your body sometimes deteriorates upon taking damage.
You are frail. (-10% HP)


Message History

There is a stone staircase leading up here.
You fly upwards.
There is a stone staircase leading down here.
There is an open door here.
There is a stone staircase leading up here.
You fly upwards.
There is a stone staircase leading down here.
There is an open door here.
There is an open door here.
There is a stone staircase leading up here.
You fly upwards.
There is a stone staircase leading down here.
There is a stone staircase leading up here.
You fly upwards.
There is a stone staircase leading down here.
Things that are here:
a +0 ring mail; a +0 hand axe; an orc skeleton You see here a +0 hand axe.
Things that are here:
a +0 ring mail; a +0 whip; an orc skeleton
There is a stone staircase leading up, spattered with blood here.
You fly upwards.
There is a stone staircase leading down, spattered with blood here.
Things that are here:
a +0 hand axe; an orc skeleton
There is a stone staircase leading up here.
You fly upwards.
There is a stone staircase leading down here.
You see here a +0 rapier.
There is a stone staircase leading up here.
You fly upwards.
There is a stone staircase leading down here.
You see here a +0 plate armour.
A chaos spawn comes into view.
You throw a large rock. The large rock hits the chaos spawn!!!!
You kill the chaos spawn!
The chaos spawn degenerates into a cloud of primal chaos!
You see here 6 stones.
There is a staircase leading out of the dungeon here.
You have escaped!

..#
####..#
#.# ###
♣(.♣♣♣
#.# #
♣..♣>♣
#.# #
♣♣♣.♣♣
######.#
#########
♣♣.♣.♣
#......#
........#
♣...♣♣♣♣
#.######
#######.#
♣♣.♣...♣
#......#
# ###
♣....♣♣
#.####.#
♣..@..♣
#.# #.#
♣.....♣
#.# #.#
♣♣♣...♣
#.# #.#
♣.♣♣♣
♣### #.#
## ♣♣.♣
#.###.#
.# ♣♣.♣♣♣
#.....#
.###
♣..♣.♣
##...###
...#####
♣♣♣..♣
#)##.#
.#.....#
♣.♣♣♣
#..#.#


There were no monsters in sight!

Vanquished Creatures
  the Royal Jelly (Slime:5)
  2 dread liches
  5 orbs of fire
  The ghost of Tigajux the Slayer, a master OnAl of Gozag (Zot:4)
  Mara (Vaults:4)
  4 ancient liches
  The ghost of Feng the Slayer, a veteran OnBe of Trog (Zot:2)
  6 Killer Klowns
  Saint Roka (Crypt:2)
  Margery (Vaults:3)
  3 curse toes
  20 golden dragons
  Jory (Crypt:1)
  Nikola (Shoals:4)
  3 doom hounds
  A Brimstone Fiend (Zot:1)
  The ghost of Goociwk the Warrior, an adept GrFi of Cheibriados (Crypt:3)
  A hellephant (Vaults:3)
  An Ice Fiend (D:14)
  4 electric golems
  Grunn (Zot:2)
  26 Orb Guardians
  Jorgrun (Orc:2)
  13 liches
  7 titans (Vaults:5)
  17 tentacled monstrosities
  5 quicksilver dragons
  10 acid blobs
  2 deep elf master archers (Elf:3)
  6 sphinxes
  3 deep elf blademasters (Elf:3)
  The ghost of Ogit the Tycoon, an adept GnGl of Gozag (Lair:2)
  9 ancient champions
  11 shadow dragons
  6 tengu reavers
  11 death cobs
  14 storm dragons
  The ghost of Wagacrug the Thaumaturge, an adept DrIE of Ashenzari (Spider:4)
  3 revenants
  14 rockslimes
  Ilsuiw (Shoals:4)
  8 draconian monks
  6 protean progenitors
  8 fire giants
  7 draconian knights
  A balrug (Depths:2)
  9 emperor scorpions
  8 azure jellies (Slime:5)
  6 deep elf sorcerers
  17 vault wardens
  8 draconian shifters
  5 deep elf elementalists (Elf:3)
  7 frost giants
  4 draconian scorchers
  9 ghost moths
  4 spectral caustic shrikes (Depths:3)
  11 draconian annihilators
  An iron dragon (Vaults:5)
  2 draconian stormcallers
  4 spriggan defenders
  A spectral juggernaut (Crypt:1)
  18 very ugly things
  5 curse skulls
  7 ironbound thunderhulks
  5 ghouls
  12 ironbound preservers
  10 formless jellyfish
  5 broodmothers
  A broodmother (shapeshifter) (Vaults:5)
  12 stone giants
  8 quicksilver oozes
  Nessos (D:15)
  8 vampire knights
  11 black draconians
  21 green draconians
  6 deep elf annihilators
  A lorocyproca (Depths:2)
  11 red draconians
  10 white draconians
  3 deep elf demonologists
  12 deep elf death magi
  Azrael (D:14)
  7 purple draconians
  17 dire elephants
  An orange crystal statue (WizLab)
  16 yellow draconians
  2 minotaurs (Depths:3)
  4 war gargoyles
  6 spark wasps
  7 eidola
  2 crystal guardians (Vaults:3)
  6 merfolk javelineers
  A green death (D:15)
  10 ettins
  6 entropy weavers
  10 fire dragons
  7 merfolk impalers
  A spectral spriggan (Crypt:1)
  5 jiangshi
  5 deep elf high priests
  Josephine (D:15)
  Fannar (Lair:3)
  8 great orbs of eyes
  Harold (D:10)
  4 caustic shrike simulacra (IceCv)
  A rakshasa (Depths:3)
  4 hydras
  19 yaktaur captains
  4 hell beasts (Crypt:1)
  27 vault guards
  11 ice dragons
  4 spriggan air magi
  4 catoblepae
  9 ironbound frosthearts
  4 peacekeepers
  An ogre mage (Vaults:5)
  An alligator snapping turtle (Shoals:4)
  6 merfolk avatars
  12 centaur warriors
  9 radroaches
  7 boulder beetles
  3 merfolk aquamancers (Shoals:4)
  A two-headed ogre (shapeshifter) (Vaults:4)
  3 jorogumos
  2 demonspawn (Orc:2)
  4 death yaks
  A spectral stone giant (Crypt:1)
  5 two-headed ogres
  A bennu skeleton (Crypt:3)
  5 death knights
  11 vampire magi
  7 tengu warriors
  2 sphinx skeletons
  25 dancing weapons
  A spectral storm dragon (Crypt:1)
  10 demonic crawlers
  A titan zombie (Crypt:2)
  8 orc high priests
  An occultist (D:15)
  A soul eater (Orc:2)
  Nergalle (D:12)
  18 deep elf knights
  3 sun demons (Depths:2)
  7 hell knights
  10 spriggans
  A titan skeleton (Vaults:2)
  4 spriggan berserkers (Depths:3)
  6 skysharks
  A death drake (shapeshifter) (Vaults:5)
  5 shadow wraiths
  29 skeletal warriors
  A skyshark (shapeshifter) (Depths:4)
  A sixfirhy (Orc:2)
  5 pharaoh ants
  A golden dragon zombie (Crypt:2)
  11 sea snakes
  22 deep trolls
  3 sun moths
  A spectral bunyip (Crypt:1)
  9 flayed ghosts
  An anaconda zombie (Crypt:3)
  A lindwurm (shapeshifter) (Vaults:4)
  3 spriggan simulacra
  A kraken simulacrum (Shoals:4)
  9 orb spiders
  A spectral anaconda (Lair:5)
  5 arcanists
  3 glowing orange brains
  3 obsidian statues
  A spectral hydra (Crypt:1)
  4 bog bodies
  7 deep elf archers
  A steelbarb worm (shapeshifter) (Vaults:4)
  12 phantasmal warriors
  13 lindwurms
  32 deep elf zephyrmancers
  6 steelbarb worms
  24 ironbound convokers
  14 necromancers
  26 ugly things
  8 orc sorcerers
  4 oklob plants (Lair:3)
  5 orc knights
  A broodmother zombie (Crypt:3)
  A spectral ice dragon (Crypt:1)
  23 harpies
  An iron dragon zombie (Crypt:1)
  25 deep elf pyromancers
  Maurice (Orc:2)
  3 shining eyes (Slime:5)
  A stone giant zombie (Vaults:2)
  22 wolf spiders
  14 cyclopes
  A faun (shapeshifter) (Vaults:5)
  18 manticores
  15 fauns
  18 vault sentinels
  13 elephants
  2 cyclopes (shapeshifter)
  An alligator skeleton (Crypt:1)
  A meliai (Spider:4)
  A guardian serpent (Elf:3)
  A stone giant skeleton (Crypt:1)
  14 merfolk sirens
  A moth of wrath (shapeshifter) (Vaults:5)
  30 moths of wrath
  10 black mambas
  A kobold blastminer (Orc:1)
  A mana viper zombie (Crypt:3)
  9 water nymphs
  An orange demon (Orc:2)
  2 eyes of devastation
  2 centaur zombies
  2 smoke demons
  9 torpor snails
  27 yaktaurs
  A torpor snail (shapeshifter) (Vaults:5)
  A dire elephant skeleton (Crypt:3)
  2 rime drakes (Lair:5)
  8 cane toads
  2 efreet
  2 unseen horrors
  2 kobold demonologists (D:8)
  A white draconian skeleton (Crypt:2)
  A yaktaur zombie (Vaults:2)
  A yaktaur (shapeshifter) (Vaults:4)
  An ice devil (IceCv)
  A tormentor (Depths:2)
  An unseen horror zombie (D:10)
  7 guardian mummies
  An unseen horror skeleton (Crypt:3)
  29 freezing wraiths
  13 komodo dragons
  3 anaconda simulacra (IceCv)
  3 human skeletons
  5 tengu conjurers
  A red devil (Orc:2)
  30 merfolk
  A sea snake skeleton (Crypt:1)
  2 spectral harpies (Crypt:1)
  2 merfolk (shapeshifter)
  4 trolls
  10 hornets
  A polar bear (shapeshifter) (Elf:1)
  A tyrant leech (Zot:3)
  A fire dragon zombie (Crypt:1)
  A hellwing (Orc:2)
  3 polar bears
  A harpy zombie (Crypt:3)
  17 tarantellas
  4 wind drakes
  3 alligator simulacra (IceCv)
  A harpy skeleton (Crypt:1)
  13 snapping turtles
  19 dream sheep
  18 blink frogs
  A glass eye (Depths:1)
  A snapping turtle (shapeshifter) (Vaults:4)
  A spectral black mamba (Crypt:1)
  A black mamba zombie (Crypt:1)
  23 jumping spiders
  72 slime creatures
  4 wyverns
  A vampire (D:13)
  11 wraiths
  9 water elementals
  6 shadows
  An air elemental (Elf:3)
  22 culicivoras
  6 dire elephant simulacra
  8 fire elementals
  5 basilisks
  65 yaks
  A black mamba skeleton (Crypt:1)
  A satyr skeleton (Crypt:2)
  8 golden eyes
  2 steam dragons
  A human (shapeshifter) (D:15)
  4 wargs
  2 death yak simulacra (Lair:5)
  2 vampire mosquitoes (D:13)
  Menkaure (D:5)
  2 minotaur simulacra (IceCv)
  A spectral cane toad (Lair:5)
  A chaos spawn (D:1)
  53 redbacks
  3 acid dragons
  A naga (Zot:3)
  A demonspawn skeleton (Crypt:3)
  4 harpy simulacra (IceCv)
  15 water moccasins
  2 hell hounds (D:14)
  A water nymph skeleton (Crypt:1)
  A swamp dragon zombie (Crypt:1)
  3 hydra simulacra (IceCv)
  A black bear (shapeshifter) (D:14)
  2 entropy weaver zombies
  4 ice beasts
  An ettin simulacrum (Crypt:1)
  4 black bears
  19 laughing skulls
  38 orc warriors
  8 ogres
  7 wolves
  An elephant zombie (Crypt:2)
  3 boggarts (D:14)
  A manticore skeleton (Crypt:1)
  13 centaurs
  An elephant skeleton (Lair:5)
  16 bullfrogs
  A fire crab zombie (Crypt:3)
  3 kobold brigands
  A komodo dragon zombie (Crypt:2)
  2 earth elementals
  2 deep troll simulacra (IceCv)
  A warg zombie (Crypt:2)
  A gnoll sergeant (D:9)
  2 necrophages
  3 scorpions
  A cane toad simulacrum (Lair:5)
  5 wights
  9 killer bees
  2 lindwurm simulacra (IceCv)
  A shapeshifter zombie (Crypt:1)
  3 elephant simulacra (Lair:5)
  6 howler monkeys
  A wolf zombie (Crypt:2)
  An electric eel (Lair:3)
  8 crimson imps (D:6)
  A bombardier beetle (D:4)
  6 hounds
  Crazy Yiuf (D:2)
  26 orc priests
  5 gnoll boudas
  4 human zombies
  2 iguanas
  7 jellies
  Terence (D:2)
  16 orc wizards
  A deep dwarf zombie (Crypt:1)
  12 mummies
  3 howler monkey zombies (D:10)
  17 adders
  29 gnolls
  7 shadow imps
  A white imp (D:6)
  2 ribbon worms
  66 orcs
  10 endoplasms
  A giant cockroach (D:3)
  9 goblins
  6 hobgoblins
  2 quokkas
  8 ball pythons
  7 bats
  A frilled lizard (D:3)
  A hobgoblin skeleton (Crypt:1)
  28 kobolds
  7 rats
  5 aspiring fleshes
2482 creatures vanquished.

Vanquished Creatures (collateral kills)
  Frances (D:14)
  A minotaur (Depths:3)
  2 vault guards (Vaults:4)
  A necromancer (Vaults:3)
5 creatures vanquished.

Vanquished Creatures (others)
  A lich (Depths:2)
  A vault guard (Vaults:5)
  An orb spider (Spider:2)
3 creatures vanquished.

Grand Total: 2490 creatures vanquished

Notes
Turn   | Place    | Note
-------+----------+-------------------------------------------
     0 | D:1      | juan097 the Oni Warper began the quest for the Orb.
     0 | D:1      | Reached XP level 1. HP: 22/22 MP: 3/3
   123 | D:1      | Reached skill level 3 in Fighting
   426 | D:1      | Reached XP level 2. HP: 21/31 MP: 5/5
   793 | D:2      | Reached XP level 3. HP: 16/39 MP: 6/6
   976 | D:2      | Reached skill level 4 in Fighting
  1119 | D:2      | Noticed Terence
  1128 | D:2      | Killed Terence
  1129 | D:2      | Reached XP level 4. HP: 49/49 MP: 7/7
  1481 | D:2      | Found a runed translucent door.
  1482 | D:2      | Noticed Crazy Yiuf
  1538 | D:2      | Reached skill level 5 in Fighting
  1538 | D:2      | Reached XP level 5. HP: 52/57 MP: 8/8
  2294 | D:3      | Found a faded altar of an unknown god.
  2298 | D:3      | Found an opulent altar of Gozag.
  2942 | D:4      | Reached XP level 6. HP: 67/67 MP: 9/9
  2953 | D:4      | Reached skill level 6 in Fighting
  3148 | D:4      | Found a hide-covered altar of Uskayaw.
  3247 | D:3      | Became a worshipper of Gozag Ym Sagoz the Greedy
  3403 | D:4      | Reached skill level 5 in Maces & Flails
  3787 | D:4      | Reached skill level 7 in Fighting
  3787 | D:4      | Reached XP level 7. HP: 50/78 MP: 10/10
  3903 | D:4      | Found a staircase to the Ecumenical Temple.
  4051 | D:5      | Entered Level 5 of the Dungeon
  4305 | D:5      | Reached skill level 8 in Fighting
  4426 | D:5      | Noticed Menkaure
  4439 | D:5      | Killed Menkaure
  4440 | D:5      | Reached XP level 8. HP: 88/88 MP: 11/11
  4456 | D:5      | Found a transporter.
  4556 | D:5      | Found a transporter.
  4970 | D:6      | Found Udaas's Antique Weapon Shoppe.
  4990 | D:6      | Reached skill level 1 in Stealth
  5351 | D:6      | Reached XP level 9. HP: 91/96 MP: 12/12
  6258 | D:6      | Bought an ichor-stained mace for 192 gold pieces
  6258 | D:6      | Identified the +6 mace of Articulation {vamp, Fly rElec
                  | Stlth+} (You bought it in a shop on level 6 of the Dungeon)
  6344 | D:7      | Found a blossoming altar of Fedhas.
  6344 | D:7      | Found an ornate altar of the Wu Jian Council.
  6993 | D:2      | Killed Crazy Yiuf
  7923 | D:8      | Noticed a two-headed ogre
  7933 | D:8      | Killed a two-headed ogre
  7934 | D:8      | Reached skill level 9 in Fighting
  7934 | D:8      | Reached XP level 10. HP: 94/107 MP: 14/16
  7958 | D:8      | Noticed a kobold demonologist
  7984 | D:8      | Found a flagged portal.
  8003 | Bailey   | Entered a bailey
  8047 | Bailey   | Reached skill level 5 in Translocations
  8109 | Bailey   | Learned a level 2 spell: Blink
  8112 | Bailey   | Learned a level 2 spell: Lesser Beckoning
  8117 | Bailey   | Learned a level 4 spell: Manifold Assault
  8141 | Bailey   | Identified the +6 plate armour of the Gardener {rC++ Str+3}
  8183 | Bailey   | Reached skill level 10 in Fighting
  8592 | D:7      | Reached skill level 5 in Throwing
  8854 | D:8      | Found a staircase to the Lair.
  9209 | D:8      | Found a transporter.
  9216 | D:8      | Found a transporter.
  9337 | D:8      | Noticed a kobold demonologist
  9728 | Lair:1   | Entered Level 1 of the Lair of Beasts
 10256 | Lair:1   | Reached XP level 11. HP: 94/117 MP: 8/17
 10272 | Lair:1   | Reached skill level 1 in Armour
 10291 | Lair:1   | Reached skill level 1 in Evocations
 10526 | Lair:1   | Learned a level 4 spell: Passage of Golubria
 10533 | Lair:1   | Learned a level 3 spell: Ozocubu's Armour
 10665 | Lair:1   | Reached skill level 1 in Ice Magic
 11373 | Lair:1   | Reached skill level 5 in Spellcasting
 11800 | Lair:1   | Identified the +7 plate armour "Fipaw" {Rampage Will+
                  | Int-4}
 12180 | Lair:1   | Reached skill level 5 in Dodging
 12578 | Lair:1   | Reached skill level 11 in Fighting
 12937 | Lair:2   | Reached XP level 12. HP: 130/130 MP: 10/19
 13184 | Lair:2   | Found a transporter.
 14003 | Lair:2   | Found a shimmering altar of Xom.
 14258 | Lair:2   | Noticed Ogit's ghost (adept GnGl)
 14260 | Lair:2   | Found a bloodstained altar of Trog.
 14308 | Lair:2   | Found a transporter.
 14768 | Lair:3   | Noticed Fannar
 14797 | Lair:3   | Killed Fannar
 15363 | Lair:1   | Reached skill level 5 in Ice Magic
 16443 | Lair:3   | Reached skill level 12 in Fighting
 16823 | Lair:3   | Found a hole to the Spider Nest.
 17302 | Lair:3   | Found a staircase to the Shoals.
 17566 | Lair:3   | Reached XP level 13. HP: 58/140 MP: 0/20
 17954 | Lair:3   | Reached skill level 10 in Maces & Flails
 18898 | Lair:4   | Reached skill level 5 in Evocations
 19254 | Lair:4   | Found a staircase to the Slime Pits.
 19603 | Lair:4   | Reached skill level 10 in Translocations
 20692 | D:9      | Learned a level 3 spell: Teleport Other
 20726 | D:9      | Found a burning altar of Makhleb.
 20743 | D:9      | Identified 2 scrolls of acquirement
 21170 | D:9      | Found the +0 toga "Victory" {*Victory Clar}
 21403 | D:9      | Found a white marble altar of Elyvilon.
 21998 | D:10     | Entered Level 10 of the Dungeon
 22130 | D:10     | Found a staircase to the Orcish Mines.
 22702 | D:10     | Found a basalt altar of Yredelemnul.
 22805 | D:10     | Noticed Harold
 22811 | D:10     | Killed Harold
 23378 | D:10     | Found a bloodstained altar of Trog.
 23594 | Orc:1    | Entered Level 1 of the Orcish Mines
 24553 | Orc:1    | Reached XP level 14. HP: 149/149 MP: 14/23
 25106 | Orc:2    | Entered Level 2 of the Orcish Mines
 25106 | Orc:2    | Noticed Maurice
 25106 | Orc:2    | Found a staircase to the Elven Halls.
 25109 | Orc:2    | Something stole a ring of ice
 25110 | Orc:2    | Killed Maurice
 25402 | Orc:2    | Noticed Jorgrun
 25527 | Orc:2    | Killed Jorgrun
 26341 | Orc:2    | Found Gimoteny's General Store.
 26436 | Orc:2    | Found Vaqoho's General Store.
 27716 | Orc:2    | Found Qoinaipp's Jewellery Shop.
 27716 | Orc:2    | Found Dioni's Antique Weapon Boutique.
 27821 | Orc:2    | Found a one-way gate leading to the halls of Pandemonium.
 27847 | Orc:2    | Bought the ring of Vanischec {Fly rN+++ Will+ AC+4 Stlth-}
                  | for 913 gold pieces
 28118 | Orc:2    | Acquired the ring "Jipaxtem" {Dex+5 Slay-5 SInv}
 28120 | Orc:2    | Acquired the +5 giant club of Vamiwagg {speed, Will+}
 28312 | Lair:5   | Entered Level 5 of the Lair of Beasts
 28468 | Lair:5   | Reached skill level 13 in Fighting
 28575 | Lair:5   | Found a hazy altar of Hepliaklqana.
 29056 | Lair:5   | Reached XP level 15. HP: 161/161 MP: 16/24
 29775 | Lair:5   | Identified the +5 broad axe of Eternal War {protect, Str+5
                  | SInv}
 29877 | Lair:5   | Found the +7 sceptre of Torment {pain, torment}
 30839 | D:11     | Reached skill level 14 in Fighting
 31969 | D:12     | Noticed Nergalle
 31975 | D:12     | Killed Nergalle
 33613 | D:13     | Found a sparkling altar of Nemelex Xobeh.
 33616 | D:13     | Learned a level 1 spell: Apportation
 33620 | D:13     | Learned a level 3 spell: Swiftness
 33688 | D:14     | Noticed Azrael
 33694 | D:14     | Killed Azrael
 33749 | D:14     | Reached skill level 1 in Air Magic
 33804 | D:14     | Reached XP level 16. HP: 158/174 MP: 15/26
 33965 | D:14     | Noticed Frances
 33966 | D:14     | Gained mutation: Your body sometimes deteriorates upon
                  | taking damage. [a neqoxec]
 33971 | D:14     | Killed Frances
 34557 | D:14     | Found a gate to the Vaults.
 34901 | D:15     | Entered Level 15 of the Dungeon
 34901 | D:15     | Noticed Nessos
 34905 | D:15     | Killed Nessos
 35138 | D:15     | Reached skill level 5 in Stealth
 35444 | D:15     | Found a staircase to the Depths.
 35867 | D:15     | Found a sacrificial altar of Ru.
 36039 | D:15     | Noticed Josephine
 36046 | D:15     | Killed Josephine
 36282 | Shoals:1 | Entered Level 1 of the Shoals
 36365 | Shoals:1 | Reached skill level 15 in Fighting
 36440 | Shoals:1 | Identified the +9 war axe of Moohecis {antimagic, ^Drain
                  | rC+ Int+2}
 37238 | Shoals:1 | Reached skill level 5 in Air Magic
 38161 | Shoals:2 | Found Kerrujih's Distillery.
 38167 | Shoals:2 | Reached XP level 17. HP: 175/184 MP: 10/29
 38462 | Shoals:2 | Bought a potion of heal wounds for 75 gold pieces
 38607 | Shoals:2 | Reached skill level 10 in Throwing
 38677 | Shoals:2 | Reached skill level 16 in Fighting
 38781 | Shoals:2 | Identified the +8 dagger of Spite {holy, Int+6 SInv Stlth-}
 38797 | Shoals:2 | Reached skill level 10 in Dodging
 40358 | Shoals:3 | Identified the scarf of Spring {repulsion, rCorr}
 40563 | Shoals:4 | Entered Level 4 of the Shoals
 40593 | Shoals:4 | Reached skill level 5 in Armour
 40709 | Shoals:4 | Found Usixtaoj's Weapon Boutique.
 40970 | Shoals:4 | Noticed Ilsuiw
 41060 | Shoals:4 | Killed Ilsuiw
 41906 | Shoals:4 | Got a barnacled rune of Zot
 41957 | Shoals:4 | Reached skill level 17 in Fighting
 42179 | Shoals:4 | Noticed Nikola
 42343 | Shoals:4 | Killed Nikola
 42344 | Shoals:4 | Reached XP level 18. HP: 197/201 MP: 30/30
 42594 | Shoals:4 | Got Hapiutimp's Grimoire of Destructive Shadows
 42709 | Shoals:4 | Found Zijoh's Jewellery Shop.
 43316 | Spider:1 | Entered Level 1 of the Spider Nest
 43342 | Spider:1 | Reached skill level 15 in Maces & Flails
 44878 | Spider:2 | Reached skill level 18 in Fighting
 45483 | Spider:2 | Identified the +9 spear "Oxi Aten" {flame, rElec rC+}
 45751 | Spider:3 | Found a glacial archway.
 45781 | IceCv    | Entered an ice cave
 45912 | IceCv    | Found an ancient bone altar of Kikubaaqudgha.
 46674 | IceCv    | Noticed a lich
 46676 | IceCv    | Killed a lich
 46689 | IceCv    | Reached XP level 19. HP: 213/213 MP: 23/31
 48060 | Spider:4 | Entered Level 4 of the Spider Nest
 48150 | Spider:4 | Reached skill level 19 in Fighting
 48650 | Spider:4 | Reached skill level 10 in Spellcasting
 48767 | Spider:4 | Found a runed translucent gate.
 48767 | Spider:4 | Found a runed translucent gate.
 48767 | Spider:4 | Found a runed translucent gate.
 48770 | Spider:4 | Noticed Wagacrug's ghost (adept DrIE)
 50070 | Spider:4 | Got a gossamer rune of Zot
 50285 | Spider:4 | Killed Wagacrug's ghost
 50711 | Vaults:1 | Entered Level 1 of the Vaults
 51146 | Vaults:1 | Reached skill level 20 in Fighting
 51347 | Vaults:1 | Found Kirocrowk's Antique Armour Shop.
 51460 | Vaults:1 | Reached XP level 20. HP: 222/228 MP: 5/35
 53476 | Vaults:2 | Found a staircase to the Crypt.
 54246 | Vaults:3 | Found a magical portal.
 54388 | WizLab   | Entered Wucad Mu's Monastery
 54468 | WizLab   | Found the crystal ball of Wucad Mu {*channel}
 54505 | WizLab   | Reached XP level 21. HP: 239/240 MP: 37/37
 54506 | WizLab   | Reached skill level 21 in Fighting
 54506 | WizLab   | Reached XP level 22. HP: 252/252 MP: 38/38
 55405 | Vaults:3 | Noticed Margery
 55415 | Vaults:3 | Killed Margery
 55477 | Vaults:3 | Reached skill level 10 in Evocations
 56210 | Vaults:4 | Paralysed by a formless jellyfish for 1 turns
 56426 | Vaults:4 | Reached skill level 22 in Fighting
 56426 | Vaults:4 | Reached XP level 23. HP: 263/263 MP: 4/39
 56680 | Vaults:4 | Identified the +7 hand axe of the Abyss {freeze, ^Fragile
                  | rElec Will+++ Dex-5}
 56978 | Vaults:4 | Noticed Mara
 56979 | Vaults:4 | Noticed juan097's illusion
 56987 | Vaults:4 | Killed Mara
 57621 | Vaults:4 | Reached skill level 15 in Dodging
 58314 | Vaults:4 | Bought a runed cloak for 195 gold pieces
 58557 | Depths:1 | Entered Level 1 of the Depths
 58587 | Depths:1 | Found a corrupted altar of Lugonu.
 58587 | Depths:1 | Found a one-way gate to the infinite horrors of the Abyss.
 58795 | Depths:1 | Learned a level 4 spell: Vhi's Electric Charge
 58882 | Depths:1 | Found an ornate altar of the Wu Jian Council.
 58983 | Depths:1 | Found a gateway to Hell.
 59518 | Depths:1 | Found a portal to a secret trove of treasure.
 60014 | Depths:2 | Found Jefita Gesm's Antique Weapon Boutique.
 61119 | Depths:3 | Noticed a golden dragon
 61126 | Depths:3 | Killed a golden dragon
 61369 | Depths:3 | Identified the +6 spear "Zatilu Yvvo" {flame, Dex+2}
 61883 | Depths:3 | Reached skill level 23 in Fighting
 61883 | Depths:3 | Reached XP level 24. HP: 249/278 MP: 15/39
 62014 | Depths:3 | Reached skill level 10 in Armour
 62782 | Depths:4 | Entered Level 4 of the Depths
 63250 | Depths:4 | Identified the staff "Earthworm" {rC+ Str+3 Ice}
 63444 | Depths:4 | Reached skill level 24 in Fighting
 63545 | Depths:4 | Found a gate to the Realm of Zot.
 63616 | Depths:3 | Found a hide-covered altar of Uskayaw.
 63720 | Depths:4 | Reached skill level 15 in Throwing
 63842 | Depths:4 | Found a one-way gateway to a ziggurat.
 63933 | Depths:3 | Identified the +1 ring mail "Yxotty" {rElec rF+ MP+9 Dex-4}
 64278 | Depths:3 | Learned a level 4 spell: Dimensional Bullseye
 64925 | Elf:1    | Entered Level 1 of the Elven Halls
 64973 | Elf:1    | Reached skill level 1 in Hexes
 65051 | Elf:1    | Found Qolatogh's Antique Weapon Shoppe.
 65376 | Elf:1    | Got Mara's Directory of the Band
 66250 | Elf:2    | Found Zirchuca's Distillery.
 66413 | Elf:2    | Reached skill level 25 in Fighting
 66694 | Elf:2    | Found Apnofrup's Alliterative Armaments.
 66769 | Elf:2    | Reached skill level 5 in Hexes
 66786 | Elf:2    | Found a runed translucent gate.
 66786 | Elf:2    | Found a runed translucent gate.
 66788 | Elf:2    | Found a runed translucent gate.
 67351 | Elf:3    | Entered Level 3 of the Elven Halls
 67813 | Elf:3    | Reached XP level 25. HP: 296/296 MP: 32/39
 68351 | Elf:3    | Identified the +7 hand axe of Deformation {pain, *Slow rF++
                  | rN+++ Int-4}
 68364 | Elf:3    | Identified the ring "Vevec" {Fly Str+6 Int+7 Dex+2}
 68364 | Elf:3    | Identified the ring of Lies {Fire rPois rCorr Str+4 Dex-4}
 68368 | Elf:3    | Identified the +7 falchion "Gexude" {flame, +Blink}
 68707 | Elf:3    | Upgraded the game from 0.32-a0-131-g9dbbe29261 to
                  | 0.32-a0-132-g2d33c3cfaf
 68757 | Elf:3    | Got the Atlas of Breath
 68759 | Elf:3    | Got the Textbook on the Evil Volley
 68760 | Elf:3    | Identified the staff of the Jester {*Slow rElec rN+++ Str-4
                  | Dex+5 Air}
 68765 | Elf:3    | Identified the +4 great sword "Erphuru" {spect, *Corrode
                  | rC- Str+6 Dex+3}
 68768 | Elf:3    | Got the Quarto of Voltage and the Bonfire
 69675 | Lair:2   | Killed Ogit's ghost
 69754 | Lair:2   | Learned a level 2 spell: Sublimation of Blood
 69786 | Slime:1  | Entered Level 1 of the Pits of Slime
 69866 | Slime:2  | Reached skill level 1 in Necromancy
 70215 | Slime:4  | Reached skill level 26 in Fighting
 70305 | Slime:5  | Entered Level 5 of the Pits of Slime
 70370 | Slime:5  | Paralysed by a formless jellyfish for 1 turns
 70494 | Slime:5  | Paralysed by a formless jellyfish for 1 turns
 70561 | Slime:5  | Noticed the Royal Jelly
 70578 | Slime:5  | Killed the Royal Jelly
 70689 | Slime:5  | Paralysed by a formless jellyfish for 1 turns
 71019 | Slime:5  | Identified the ring of Yqeqeun {*Slow Fly rPois Int+3 SInv}
 71073 | Slime:5  | Got the Opusculum on Torrid Snow
 71118 | Slime:5  | Got the Folio of the Petrified Charnel House
 71157 | Slime:5  | Reached skill level 5 in Necromancy
 71713 | Slime:5  | Got a slimy rune of Zot
 72375 | Crypt:1  | Entered Level 1 of the Crypt
 73120 | Crypt:1  | Reached XP level 26. HP: 277/309 MP: 25/41
 73223 | Crypt:1  | Identified the ring "Widghutas" {rC+ Dex+5 SInv Stlth+}
 73223 | Crypt:1  | Noticed Jory
 73239 | Crypt:1  | Killed Jory
 73965 | Crypt:1  | Found an ancient bone altar of Kikubaaqudgha.
 73981 | Crypt:1  | Got Hufosk's Volume of Spatial Last Rites
 73983 | Crypt:1  | Got the Cyclopedia of Cooperative Lamentation
 74938 | Crypt:2  | Noticed Saint Roka
 74946 | Crypt:2  | Killed Saint Roka
 75337 | Crypt:3  | Entered Level 3 of the Crypt
 75410 | Crypt:3  | Found a transporter.
 75410 | Crypt:3  | Noticed Goociwk's ghost (adept GrFi)
 75411 | Crypt:3  | Found a transporter.
 75456 | Crypt:3  | Reached skill level 15 in Spellcasting
 76100 | Crypt:3  | Found a staircase to the Tomb.
 76923 | Crypt:3  | Noticed a dread lich
 76949 | Crypt:3  | Killed a dread lich
 77085 | Crypt:3  | Identified the ring "Lyess" {rPois rC+ rCorr Str+3}
 77098 | Crypt:3  | Identified the staff of Crusades {rN+ Str+3 Int-3 Dex+4
                  | Necro}
 77100 | Crypt:3  | Identified the ring "Jem Zuc" {AC+4 Dex+2}
 77104 | Crypt:3  | Identified the ring of Ileov {+Blink rN+ Int+3}
 77104 | Crypt:3  | Identified the ring of Caweobb {rN+ Int+2}
 77113 | Crypt:3  | Identified the +11 battleaxe "Torigeco" {flame, *Noise
                  | rElec rN+ Str+6}
 77304 | Crypt:3  | Reached skill level 27 in Fighting
 77321 | Crypt:3  | Killed Goociwk's ghost
 77328 | Crypt:3  | Got the Annotations on Metal
 77751 | Vaults:5 | Entered Level 5 of the Vaults
 77762 | Vaults:5 | Paralysed by a sphinx for 5 turns
 77763 | Vaults:5 | Noticed a dread lich
 77765 | Vaults:5 | Noticed an ancient lich
 78245 | Vaults:4 | Killed a dread lich
 78246 | Vaults:4 | Reached XP level 27. HP: 292/323 MP: 31/43
 78484 | Vaults:5 | Reached skill level 10 in Necromancy
 78485 | Vaults:5 | Noticed an ancient lich
 78489 | Vaults:5 | Killed an ancient lich
 78607 | Vaults:5 | Killed an ancient lich
 78613 | Vaults:5 | Identified the amulet "Ahuil" {RegenMP rElec rPois}
 78637 | Vaults:5 | Identified the amulet "Sirphifil" {Reflect Harm rElec SH+5}
 79246 | Vaults:5 | Noticed an ancient lich
 79256 | Vaults:5 | Killed an ancient lich
 79579 | Vaults:5 | Identified the staff "Laobom" {rPois rN+ Dex-2 Air Alchemy}
 79605 | Vaults:5 | Got the Treatise on Alluring Refrigeration
 80117 | Vaults:5 | Identified the +9 halberd of Moun {freeze, *Rage rElec rC+
                  | Str+3}
 80127 | Vaults:5 | Got the Lectures on the Queen Bee
 80147 | Vaults:5 | Identified the +7 hand axe "Hydra's Undoing" {speed, Will+
                  | Int+2}
 80159 | Vaults:5 | Got a silver rune of Zot
 80308 | Vaults:5 | Found the +0 mask of the Dragon {Will+ Slay+3 SInv}
 80645 | Vaults:5 | Identified the +2 robe of the Dolphin {rC- Str+4 Int+3}
 80650 | Vaults:5 | Identified the ring of Amelioration {rElec rPois SInv}
 80651 | Vaults:5 | Identified the amulet "Otriemuu" {Spirit rF+ Stlth+}
 81468 | Zot:1    | Entered Level 1 of the Realm of Zot
 83017 | Zot:1    | Identified the +1 ring mail "Bilampar" {+Inv rF+ rC- rCorr}
 83630 | Zot:2    | Found a runed translucent gate.
 83630 | Zot:2    | Found a runed translucent gate.
 83631 | Zot:2    | Found a runed translucent gate.
 83633 | Zot:2    | Noticed Feng's ghost (veteran OnBe)
 83633 | Zot:2    | Noticed an orb of fire
 83734 | Zot:2    | Noticed Grunn
 83742 | Zot:2    | Killed Grunn
 84158 | Zot:2    | Identified the +0 dagger of Extinguishment {flame, rPois
                  | Str+3 Dex-3}
 84460 | Zot:2    | Killed Feng's ghost
 84462 | Zot:2    | Gained mutation: You are clumsy. (Dex -2) [an orb of fire]
 84469 | Zot:2    | Killed an orb of fire
 84961 | Depths:1 | You paid a toll of 2 scrolls of acquirement to enter a
                  | treasure trove
 84962 | Trove    | Entered a treasure trove
 84986 | Trove    | Identified the ring "Loaf" {*Corrode rPois rC+ Int+7}
 85403 | Zot:3    | Identified the +5 arbalest of Delightful Punishment {speed,
                  | rPois Will+ Int-4 Dex+2}
 86725 | Zot:4    | Found a runed translucent door.
 87257 | Zot:4    | Noticed an orb of fire
 87267 | Zot:4    | Killed an orb of fire
 87656 | Zot:4    | Noticed Tigajux's ghost (master OnAl)
 88213 | Zot:4    | Killed Tigajux's ghost
 88355 | Zot:5    | Entered Level 5 of the Realm of Zot
 88848 | Zot:5    | Noticed an ancient lich
 88861 | Zot:5    | Killed an ancient lich
 88882 | Zot:5    | Noticed an orb of fire
 88893 | Zot:5    | Killed an orb of fire
 89566 | Zot:5    | Noticed an orb of fire
 89580 | Zot:5    | Killed an orb of fire
 89872 | Zot:5    | Noticed an orb of fire
 89882 | Zot:5    | Gained mutation: You are frail. (-10% HP) [an orb of fire]
 89888 | Zot:5    | Killed an orb of fire
 90275 | Zot:5    | Got the Orb of Zot
 90364 | Zot:1    | Noticed Mieng the pandemonium lord
 90804 | D:$      | Escaped with the Orb!

Illustrated notes

Levels and vault maps discovered:
D:1:      roderic_dead_forest, layout_loops_ring
D:2:      layout_loops_ring, uniq_crazy_yiuf_cottage, uniq_terence
D:3:      layout_loops_ring, nicolae_overflow_ecumenical_swirl
D:4:      layout_basic, nicolae_uskayaw_suspiria, temple_fountains
D:5:      gammafunk_cloud_chamber, layout_rooms, minmay_crossroads,
          uniq_menkaure
D:6:      minmay_angry_zag, layout_basic, serial_shops, nicolae_square_shop,
          minmay_nine_imps
D:7:      layout_loops_corners, gammafunk_temple_overflow_statue,
          grunt_ministairs_13, hex_medium, minmay_misc_feat_chi
D:8:      gammafunk_wand_slinger, layout_rooms, due_lair_maze_entry_diamond,
          enter_bailey_3
D:9:      layout_roguey, bloody_makhleb, lemuel_crystal_altar
D:10:     layout_roguey, lemuel_mausoleum_altar_yredelemnul,
          mainiacjoe_overflow_brackets, david_orc_3, dreamdust_gnoll_shepherd,
          uniq_harold
D:11:     layout_stronghold, serial_rivers, chequers_serial_rivers_room_a,
          chequers_serial_rivers_small_3, chequers_serial_rivers_micro_d,
          chequers_serial_rivers_room_b, chequers_serial_rivers_marsh,
          chequers_serial_rivers_large_a, minivault_20
D:12:     layout_loops_corners, uniq_nergalle
D:13:     layout_gridville, nemelex_spade_bored_becter
D:14:     layout_small_grid, david_vaults_4, uniq_frances, uniq_azrael
D:15:     hangedman_depths_entry_civil_slaughter, layout_rooms,
          nicolae_ru_path_of_blood, uniq_nessos, uniq_josephine
Lair:1:   layout_chaotic_city, st_stairs_9
Lair:2:   layout_chaotic_city, gammafunk_ghost_wrathful_warriors, basic_altar,
          serial_rivers, chequers_serial_rivers_room_b,
          chequers_serial_rivers_micro_c, chequers_serial_rivers_room_a,
          chequers_serial_rivers_marsh
Lair:3:   layout_hall_layers, mainiacjoe_shoals_entry_four_pools,
          spider_nest_entry_a, dpeg_oklob_1, grunt_megastairs_3,
          infiniplex_staircase_pool, uniq_fannar
Lair:4:   layout_misc_corridors, nicolae_slime_entry_slimehenge
Lair:5:   due_jungle_book, layout_big_grid, basic_altar, serial_bayou_pond_e,
          st_stairs_13
Shoals:1: nicolae_shoals_aurelia_aurita, layout_shoals,
          hangedman_shoals_cup_caves
Shoals:2: layout_shoals, serial_shops, nicolae_shop_crystal
Shoals:3: layout_shoals
Shoals:4: shoals_end_grunt_ice, layout_shoals, shoal_ilsuiw, serial_shops, shop,
          shop, uniq_nikola
Spider:1: layout_spider_delve, nicolae_spider_nook
Spider:2: layout_spider_delve, nicolae_spider_wall_of_niches
Spider:3: layout_spider_delve, portal_ice_cave_entry_pillars_three,
          nicolae_spider_some_kinda_spiderbox
Spider:4: grunt_spider_rune_parallel, ebering_ghost_rock_garden, drop_trap
Slime:1:  layout_caves
Slime:2:  nicolae_slime_jelly_donut, layout_caves
Slime:3:  layout_caves
Slime:4:  layout_caves
Slime:5:  slime_pit_nicolae_block_by_block
Orc:1:    layout_caves, basic_altar
Orc:2:    pf_orc_diabolical, layout_caves, uniq_jorgrun, uniq_maurice
Elf:1:    eino_elf_arrival_sip, layout_loops_corners, serial_shops, shop,
          minmay_elf_demonology
Elf:2:    elven_hall_of_blades_hangedman_original [nicolae_blade_lattice],
          layout_geoelf_grid, serial_shops, shop, monkooky_shop_alliterative
Elf:3:    minmay_elf_hall_statues, layout_loops_corners,
          fake_guardian_serpent_vault
Vaults:1: ontoclasm_vaults_gateway, hangedman_vaults_pinch,
          nicolae_vaults_wine_cellar, ontoclasm_vaults_ring_large,
          nicolae_vaults_offset_grid_hallway_3, v_alt_pattern_5,
          nicolae_vaults_border_crossing, nicolae_vaults_shipping_containers_4,
          v_pattern_3, dpeg_vaults_monster_box, vaults_room_semicircle,
          vaults_dpeg_diagonal, layout_vaults_maze_bifur, serial_shops, shop
Vaults:2: hangedman_vaults_variations, nicolae_vaults_theta,
          nicolae_vaults_doubleplus_tesselated, nicolae_vaults_trapezoid_1,
          blue_anna_dwarven_crypt, nicolae_vaults_theta,
          nicolae_vaults_big_angled_halls, nicolae_vaults_diagonal_hallway_9,
          layout_vaults_omnigrid
Vaults:3: mu_enter_wizlab_1, nicolae_vaults_back_hallway,
          vaults_room_semicircle, nicolae_vaults_offset_grid_hallway_3,
          nicolae_vaults_meiosis, nicolae_vaults_ring_of_whatevers, v_pattern_4,
          nicolae_vaults_trapezoid_layered, vaults_dpeg_encased_lava,
          vaults_mumra_chevron, nicolae_vaults_double_plus_1,
          ontoclasm_vaults_spin, nicolae_vaults_little_squares_3,
          nicolae_vaults_little_squares_4, layout_vaults_omnicross, uniq_margery
Vaults:4: dpeg_vaults_monster_row, v_misc_3, nicolae_vaults_theta,
          hangedman_vaults_unwind, nicolae_vaults_prndl,
          ontoclasm_vaults_claustrophobia, nicolae_vaults_sesquioval_fish,
          nicolae_vaults_loss_of_containment, nicolae_vaults_closet_pinwheel_2,
          nicolae_vaults_six-pack, vaults_room_hallway,
          nicolae_vaults_trapezoid_lopsided_3, nicolae_vaults_layer_cake_slice,
          layout_vaults_ring, uniq_mara
Vaults:5
Crypt:1:  lemuel_vampire_tower, layout_gridlike,
          grunt_crypt_arrival_guarded_gate
Crypt:2:  layout_misc_corridors, uniq_saint_roka
Crypt:3:  david_glass_crypt, layout_misc_corridors,
          nicolae_tomb_entry_grand_gallery, gammafunk_ghost_arena
Depths:1: layout_gridlike, abyss_entry_flame_altar, trove_entry_hex_spiral,
          hell_entry, lemuel_tele_altar, kennysheep_generic_room_10,
          serial_bayou_shore_b
Depths:2: nicolae_cairo_tiling_large_dashed, layout_gridville, lightli_too_deep,
          serial_shops, nicolae_shop_statue_plus, rand_demon_pan_entry_4
Depths:3: regret_index_uskayaw_diablada_macabre, layout_gridlike, minmay_holes,
          pf_hell_entry_tar_river, abyss_entry, kennysheep_two_boxes,
          uniq_josephina
Depths:4: evilmike_zot_entry_basic, layout_basic, enter_ziggurat_b,
          serial_bayou_ford_a, grunt_hell_entry_dis_mu
Zot:1:    regret_index_malice_mire, layout_onion
Zot:2:    layout_misc_corridors, gammafunk_ghost_split,
          regret_index_zotdec_serpentine_coiled, lemuel_elevator, uniq_grunn
Zot:3:    layout_misc_corridors, grunt_megastairs_2
Zot:4:    layout_gridlike, hellmonk_ghost_big_iron,
          hangedman_zot_decor_checkerboard
Zot:5:    layout_misc_corridors, hangedman_zot_diagonal_lockstep

Skill      XL: |  1  2  3  4  5  6  7  8  9 10 11 12 13 14 15 16 17 18 19 20 21 22 23 24 25 26 27 |
---------------+----------------------------------------------------------------------------------+-----
Fighting       | 3 4 5 7 8 9 10 11 12 13 14 15 17 18 20 21 22 23 25 26 27 | 27.0
Maces & Flails | 3 4 5 7 8 9 11 12 14 16 17 18 20 | 20.0
Throwing       | 3 4 6 7 8 9 11 12 13 14 15 16 20 | 20.3
Stealth        | 2 4 6 |  6.0
Dodging        | 3 4 5 6 7 8 9 10 11 17 19 | 19.0
Translocations | 4 8 9 10 14 | 14.0
Spellcasting   | 4 5 6 8 11 12 14 16 18 | 18.4
Armour         | 2 4 6 8 9 10 14 | 14.0
Evocations     | 2 4 6 7 8 9 10 11 12 | 12.0
Ice Magic      | 3 6 8 |  8.0
Air Magic      | 1 5 6 |  6.0
Hexes          | 6 |  6.0
Necromancy     | 6 9 10 | 10.6

Action                     |  1- 3 |  4- 6 |  7- 9 | 10-12 | 13-15 | 16-18 | 19-21 | 22-24 | 25-27 || total
---------------------------+-------+-------+-------+-------+-------+-------+-------+-------+-------++-------
  Melee: Mace              |    67 |    14 |    76 |   404 |    32 |    76 |    16 |     5 |       ||   690
         Headbutt          |     4 |    20 |    47 |    92 |    68 |    63 |    50 |    84 |    85 ||   513
         Punch             |     1 |     3 |    11 |    36 |     4 |     5 |     3 |       |       ||    63
         Flail             |       |    87 |       |       |       |       |       |       |       ||    87
         Whip              |       |    11 |   208 |       |       |       |       |       |       ||   219
         Giant spiked club |       |       |       |   228 |   664 |       |       |       |       ||   892
         Giant club        |       |       |       |       |   408 |  1265 |   740 |  1230 |  2178 ||  5821
         Eveningstar       |       |       |       |       |     6 |       |       |       |    52 ||    58
   Fire: Sling             |     5 |    55 |    46 |       |       |       |       |       |       ||   106
  Throw: Dart              |     2 |     7 |    12 |     5 |     6 |   102 |   127 |       |       ||   261
         Boomerang         |       |       |    12 |   260 |   400 |    13 |       |       |       ||   685
         Javelin           |       |       |       |     1 |    26 |    49 |     4 |     1 |    44 ||   125
         Large rock        |       |       |       |       |     4 |    58 |    59 |   177 |   586 ||   884
   Cast: Manifold Assault  |       |       |       |   114 |   366 |   558 |   244 |   467 |   842 ||  2591
         Passage of Golubr |       |       |       |     2 |     1 |     3 |     3 |       |     1 ||    10
         Blink             |       |       |       |     1 |     1 |       |       |     1 |     3 ||     6
         Ozocubu's Armour  |       |       |       |       |    31 |     7 |     3 |       |     1 ||    42
         Apportation       |       |       |       |       |       |       |       |       |    12 ||    12
         Sublimation of Bl |       |       |       |       |       |       |       |       |    23 ||    23
 Invoke: Potion Petition   |       |       |       |     4 |     3 |     1 |       |     1 |    17 ||    26
         Call Merchant     |       |       |       |       |       |       |       |     2 |       ||     2
  Evoke: Wand              |       |       |     3 |     7 |     4 |    13 |       |     1 |     1 ||    29
         Phantom mirror    |       |       |       |     1 |     1 |     1 |       |     1 |       ||     4
         Sack of spiders   |       |       |       |       |       |     2 |       |     2 |     3 ||     7
         Lightning rod     |       |       |       |       |       |     3 |       |       |       ||     3
         Phial of floods   |       |       |       |       |       |       |       |     1 |     1 ||     2
         Tin of tremorston |       |       |       |       |       |       |       |     3 |       ||     3
    Use: Scroll            |       |       |     5 |    11 |    13 |     5 |     2 |     2 |     1 ||    39
         Potion            |       |       |       |     4 |       |       |     2 |       |    19 ||    25
   Stab: Sleeping          |       |     1 |       |     1 |     5 |     1 |       |     3 |     2 ||    13
         Invisible         |       |       |       |     2 |     1 |       |       |       |     1 ||     4
         Distracted        |       |       |       |     3 |       |       |     2 |     1 |     3 ||     9
 Armour: Robe              |    57 |    75 |   159 |   446 |   539 |   404 |   258 |   276 |   598 ||  2812
  Dodge: Dodged            |    43 |    56 |    96 |   323 |   292 |   193 |   134 |   154 |   327 ||  1618

Table legend: (Time is in decaauts)
 A = Elapsed time spent in this place.
 B = Non-inter-level travel time spent in this place.
 C = Inter-level travel time spent in this place.
 D = Time resting spent in this place.
 E = Time spent auto-exploring this place.
 F = Levels seen in this place.
 G = Mean time per level.
                   A        B        C        D        E       F      G
               +--------+--------+--------+--------+--------+-----+--------+
         Total |  89412 |  82349 |   7063 |   2083 |  66258 |  59 | 1515.5 |
       Dungeon |  19765 |  17191 |   2574 |    106 |  14049 |  15 | 1317.7 |
          Lair |  13598 |  12371 |   1227 |   1057 |   9180 |   5 | 2719.6 |
        Shoals |   6746 |   6538 |    208 |     16 |   5576 |   4 | 1686.5 |
   Spider Nest |   5740 |   5552 |    188 |    157 |   4251 |   4 | 1435.0 |
    Slime Pits |   2181 |   2083 |     98 |     76 |   1541 |   5 |  436.2 |
  Orcish Mines |   4114 |   3932 |    182 |      2 |   3074 |   2 | 2057.0 |
   Elven Halls |   4276 |   3948 |    328 |     43 |   3341 |   3 | 1425.3 |
        Vaults |  11147 |  10225 |    922 |    241 |   8635 |   5 | 2229.4 |
         Crypt |   5024 |   4830 |    194 |    152 |   3782 |   3 | 1674.7 |
        Depths |   6436 |   5832 |    604 |      0 |   5102 |   4 | 1609.0 |
           Zot |   8468 |   7934 |    534 |    232 |   6441 |   5 | 1693.6 |
         Trove |     42 |     42 |      0 |      0 |      5 |   1 |   42.0 |
        Bailey |    557 |    557 |      0 |      0 |    364 |   1 |  557.0 |
      Ice Cave |   1061 |   1061 |      0 |      0 |    771 |   1 | 1061.0 |
        Wizlab |    251 |    251 |      0 |      0 |    144 |   1 |  251.0 |
               +--------+--------+--------+--------+--------+-----+--------+

Top non-repeatable levels by time:
  Lair:1: 3838 daAuts
  Lair:3: 3679 daAuts
Vaults:4: 3455 daAuts
   Orc:2: 3035 daAuts
  Lair:2: 2595 daAuts
    D:10: 2385 daAuts
Shoals:4: 2373 daAuts
Depths:3: 2292 daAuts
Spider:4: 2227 daAuts
 Crypt:1: 2068 daAuts
   Zot:1: 2051 daAuts
Vaults:5: 2050 daAuts
 Crypt:3: 2049 daAuts
Shoals:1: 1966 daAuts
Vaults:3: 1955 daAuts
